 Dungeon Sprint DCSS version 0.27.1-33-g824d729ab1 (webtiles) character file.

Game seed: 5679158440819503351

24 Hipnos the Sneak (level 2, -16/13 HPs)
             Began as a Spriggan Enchanter on Nov 29, 2021.
             Demolished by an ogre (29 damage)
             ... in the Dungeon (Sprint I: "Red Sonja").
             The game lasted 00:00:21 (275 turns).

Hipnos the Sneak (Spriggan Enchanter)                Turns: 275, Time: 00:00:21

Health: -16/13     AC:  2    Str:  4    XL:     2   Next: 79%
Magic:  7/7        EV: 17    Int: 16    God:
Gold:   0          SH:  0    Dex: 15    Spells: 5/8 levels left

rFire    . . .     SeeInvis +   a - +1 dagger
rCold    . . .     Faith    .   (shield restricted)
rNeg     . . .     Spirit   .   b - +0 robe
rPois    .         Reflect  .   (helmet restricted)
rElec    .         Harm     .   (no cloak)
rCorr    .         Rampage  .   (gloves unavailable)
Will     .....     NoTele   +   (boots unavailable)
Stlth    ++++......             (no amulet)
HPRegen  0.04/turn              (no ring)
MPRegen  0.10/turn              (no ring)

@: very quick
A: very small, no large weapons, unfitting armour, see invisible, speed 3
a: no special abilities


You were in the Dungeon.
You visited 1 branch

Inventory:

Hand Weapons
 a - a +1 dagger (weapon)
Armour
 b - a +0 robe (worn)
Scrolls
 h - a scroll of blinking
Potions
 c - a potion of curing
 d - a potion of heal wounds
 e - a potion of haste
 f - 2 potions of magic


   Skills:
 + Level 1.1 Short Blades
 + Level 3.3 Dodging
 * Level 7.7 Stealth
 + Level 3.5 Spellcasting
 + Level 5.2 Hexes


You had 5 spell levels left.
You knew the following spells:

 Your Spells              Type           Power      Damage    Failure   Level
a - Corona                Hex            21%        N/A       1%          1
b - Ensorcelled Hibernat  Hex/Ice        22%        N/A       10%         2

Your spell library contained the following spells:

 Spells                   Type           Power      Damage    Failure   Level
 Confusing Touch          Hex            19%        N/A       6%          3
 Tukima's Dance           Hex            19%        N/A       6%          3
 Dazzling Flash           Conj/Hex       22%        N/A       19%         3


Dungeon Overview and Level Annotations

Branches:
Dungeon (1/1)

Altars:


Innate Abilities, Weirdness & Mutations

You are very small and have problems with some larger weapons.
You are too small for most types of armour.
You have supernaturally acute eyesight. (SInv)
You cover ground extremely quickly. (Speed+++)


Message History

Ijyb is severely wounded.
Ijyb hits you with a +0 dagger.
* * * LOW HITPOINT WARNING * * *
You closely miss Ijyb.
Ijyb is severely wounded.
You puncture Ijyb!
You kill Ijyb!
Your Dodging skill increases to level 3!
Your Stealth skill gained 3 levels and is now at level 7!
Your Spellcasting skill increases to level 3!
Your Hexes skill gained 2 levels and is now at level 5!
You have reached level 2!
You start resting.
You feel a strong urge to attack something.
You start resting.
You are no longer berserk.
You are exhausted.
You feel yourself slow down.
You start resting.
Magic restored.
You start resting.
You feel yourself speed up.
You start resting.
You recover from your berserk rage.
You start resting.
HP restored.
Things that are here:
a +0 dagger; a +0 leather armour Memorise Ensorcelled Hibernation, consuming 2 spell levels and leaving 5?
You start memorising the spell.
You continue memorising. x2
You finish memorising.
Spell assigned to 'b'.
You open the door.
An ogre comes into view. It is wielding a +0 giant club.
There is an open door here.
The helpless ogre fails to defend itself.
You impale the ogre!!
The ogre is almost dead.
The ogre hits you with a +0 giant club!!
Ouch! That really hurt!
You die...

##########
#<.#.)'@.#
#..'..#.O+
#..#####+#
#..# #..#
#..# #⌠⌠#
####


You could see an ogre.

Vanquished Creatures
  Ijyb (D)
1 creature vanquished.

Notes
Turn   | Place    | Note
-------+----------+-------------------------------------------
     0 | D        | Hipnos the Spriggan Enchanter began the quest for the Orb.
     0 | D        | Reached XP level 1. HP: 9/9 MP: 5/5
     1 | D        | Noticed Ijyb
    10 | D        | Killed Ijyb
    11 | D        | Reached skill level 7 in Stealth
    11 | D        | Reached skill level 5 in Hexes
    11 | D        | Reached XP level 2. HP: 3/13 MP: 5/7
   272 | D        | Learned a level 2 spell: Ensorcelled Hibernation
   272 | D        | Noticed an ogre
   275 | D        | Demolished by an ogre

Illustrated notes

Levels and vault maps discovered:
D:        dungeon_sprint_1 [red_sonja_temple_1, red_sonja_temple_small_1]

Skill      XL: |  1 |
---------------+----+-----
Dodging        | 3 |  3.3
Stealth        | 7 |  7.7
Spellcasting   | 3 |  3.5
Hexes          | 5 |  5.2
Short Blades   | |  1.1

Action                   || total
-------------------------++-------
Melee: Dagger            ||     7
  Use: Potion            ||     1
 Stab: Sleeping          ||     2
Dodge: Dodged            ||     2
